 Dungeon Crawl Stone Soup version 0.19.5 (webtiles) character file.

393979 Peloso the Hoplite (level 22, -3/211 HPs)
             Began as a Minotaur Fighter on May 20, 2017.
             Was the Champion of Okawaru.
             Slain by a vault warden
             ... wielding a +6 great sword of electrocution
              (19 damage)
             ... on level 3 of the Vaults.
             The game lasted 04:03:42 (61836 turns).

Peloso the Hoplite (Minotaur Fighter)              Turns: 61836, Time: 04:03:42

Health: -3/211     AC: 23    Str: 36      XL:     22   Next: 15%
Magic:  22/22      EV: 15    Int:  5 (8)  God:    Okawaru [******]
Gold:   3545       SH: 21    Dex: 24      Spells: 0 memorised, 21 levels left

rFire  . . .     SeeInvis .     A - +8 demon blade of Mourning {slice, MR+}
rCold  . . .     Gourm    .     h - +3 crystal plate armour "Xyacvipu" {Str+3}
rNeg   . . .     Faith    +     Q - +0 shield {reflect}
rPois  +         Spirit   .     t - +2 hat
rElec  +         Reflect  +     E - +1 cloak "Neanov" {rElec rPois Int+3 Dex+4}
rCorr  +         Harm     .     x - +0 pair of gloves {archery}
MR     ++...     Rnd*Rage +     Z - +1 pair of boots "Etubbuwn" {rPois rCorr Stlth+}
Stlth  ..........               m - amulet of faith
                                T - ring "Cacrimp" {rCorr Dex+6}
                                y - +6 ring of strength

@: exhausted, corroded, very slightly contaminated, hasted and slowed
A: retaliatory headbutt, horns 2, berserk 1, blurry vision 1
a: Heroism, Finesse, Renounce Religion
}: 2/15 runes: serpentine, barnacled


You were on level 3 of the Vaults.
You worshipped Okawaru.
Okawaru was exalted by your worship.
You were not hungry.

You visited 7 branches of the dungeon, and saw 37 of its levels.
You visited the Abyss 1 time.
You also visited: Labyrinth, Trove, Ossuary, Ice Cave and Wizlab.

You collected 4338 gold pieces.
You spent 793 gold pieces at shops.

Inventory:

Hand Weapons
 a - a +8 double sword of flaming
 A - the +8 demon blade of Mourning (weapon) {slice, MR+}
   (Okawaru gifted it to you on level 1 of the Elven Halls)

   It inflicts extra damage upon your enemies.
   It affects your resistance to hostile enchantments.
Armour
 h - the +3 crystal plate armour "Xyacvipu" (worn) {Str+3}
   (Okawaru gifted it to you on level 13 of the Dungeon)

   It affects your strength (+3).
 q - the +0 shield "Umod" {MR+ MP+9}
   (Okawaru gifted it to you on level 2 of the Vaults)

   It affects your resistance to hostile enchantments.
   It affects your magic capacity (+9).
 r - a +0 cloak of magic resistance
 t - a +2 hat (worn)
 x - a +0 pair of gloves of archery (worn)
 E - the +1 cloak "Neanov" (worn) {rElec rPois Int+3 Dex+4}
   (Okawaru gifted it to you on level 1 of the Vaults)

   It affects your intelligence (+3).
   It affects your dexterity (+4).
   It insulates you from electricity.
   It protects you from poison.
 Q - a +0 shield of reflection (worn)
 Z - the +1 pair of boots "Etubbuwn" (worn) {rPois rCorr Stlth+}
   (You acquired it on level 3 of the Snake Pit)

   It protects you from poison.
   It protects you from acid and corrosion.
   It makes you more stealthy.
Jewellery
 m - an amulet of faith (around neck)
 y - a +6 ring of strength (left hand)
 G - a +3 ring of protection
 T - the ring "Cacrimp" (right hand) {rCorr Dex+6}
   (You found it in a treasure trove)

   [ring of resist corrosion]

   It affects your dexterity (+6).
Wands
 j - a wand of digging (8/24)
 l - a wand of disintegration (9/24)
 z - a wand of paralysis (11/24)
 J - a wand of heal wounds (6/9)
 P - a wand of teleportation (5/9)
Scrolls
 c - 6 scrolls of identify
 i - 8 scrolls of recharging
 o - 3 scrolls of magic mapping
 s - 6 scrolls of teleportation
 C - a scroll of enchant weapon
 D - 7 scrolls of remove curse
 I - 3 scrolls of fear
 K - a scroll of blinking
Potions
 d - 3 potions of might
 e - 3 potions of resistance
 g - a potion of invisibility
 k - 11 potions of curing
 v - a potion of berserk rage
 w - 3 potions of haste
 F - 2 potions of magic
 L - a potion of cure mutation
 O - 7 potions of flight
 S - 6 potions of agility
Comestibles
 b - 19 meat rations
 f - 27 bread rations
 n - 4 fruits
 u - 14 slices of pizza
 B - 11 chunks of flesh
 H - 11 beef jerkies
 X - 16 royal jellies


   Skills:
 + Level 20.4 Fighting
 + Level 22.1 Long Blades
 + Level 19.9 Armour
 + Level 9.0 Dodging
 + Level 3.0 Stealth
 + Level 25.9 Shields
 + Level 2.4 Invocations
 + Level 1.5 Evocations


You had 21 spell levels left.
You didn't know any spells.

Dungeon Overview and Level Annotations

Branches:
Dungeon (15/15)            Temple (0/1) D:5            Lair (6/6) D:10
 Shoals (4/4) Lair:4        Snake (4/4) Lair:3        Slime (0/5) Lair:6
    Orc (2/2) D:11            Elf (3/3) Orc:2        Vaults (3/5) D:13
  Crypt (0/3) Vaults:2     Depths (0/5) D:15

Altars:
Ashenzari
Dithmenos
Elyvilon
Kikubaaqudgha
Okawaru
Qazlal
Ru
Sif Muna
Trog
Vehumet
Xom
Yredelemnul
Beogh
Jiyva

Shops:
D:4 [   D:7 *   D:13 (   Orc:1 [   Orc:2 }?!*([*[   Elf:1 *([*   Elf:3 (
Vaults:1 :


Innate Abilities, Weirdness & Mutations

You reflexively headbutt those who attack you in melee.
You have a pair of horns on your head.
You tend to lose your temper in combat.
Scrolls take you a little longer to read.


Message History

You block the Executioner's attack. x2
The sun demon hits you but does no damage.
You block the Executioner's attack. The Executioner completely misses you.
The Executioner hits you but does no damage.
The ironheart preserver gestures wildly while chanting.
The ironheart preserver begins to accept its allies' injuries.
The rust devil hits you. The rust devil corrodes you! The rust devil hits you.
The rust devil corrodes you!
The Hell Sentinel hits you but does no damage. x2
Unknown command.
You feel much better. You block the Executioner's attack. x3
The Executioner hits you!!
* * * LOW HITPOINT WARNING * * *
The Executioner hits you but does no damage.
The Executioner closely misses you. The sun demon hits you!
* * * LOW HITPOINT WARNING * * *
You are engulfed in flames!!
* * * LOW HITPOINT WARNING * * *
The vault warden hits you with a great sword of electrocution!!
You die...

##### .. ######
#+####### #.....
#.......# #.....
#(......# #.....
#......%# #.....
#..(.e..# #.....
#...pp1.#########.....
#..E3@12#.......'.....
#..E44E.#.......#.....
#..e.e.)#.......+.....
#.......+.})....####+#
+.......#.......#
#.......#.......#
#.......#########
#########


You could see a Hell Sentinel, an ironheart preserver, a vault warden, an
Executioner, a sun demon, a deep elf demonologist, a deep elf archer, 3 earth
elementals, 2 rust devils, a deep elf mage and a hellion.

Vanquished Creatures
  Nikola (Shoals:4)
  Jorgrun (Shoals:2)
  Rupert (D:13)
  A moon troll (WizLab)
  A deep elf blademaster (Elf:2)
  2 quicksilver dragons (WizLab)
  A kraken (Shoals:3)
  3 tentacled starspawn (WizLab)
  Agnes (Elf:1)
  10 nagarajas
  The ghost of DwarfAlpaca the Fetichist, an adept SpAr of Nemelex Xobeh (Elf:3)
  Ilsuiw (Shoals:4)
  A fire giant (Vaults:3)
  The ghost of Dwachs the Eclecticist, an adept DECj of Vehumet (Snake:3)
  5 deep elf sorcerers
  A vault warden (Vaults:2)
  3 frost giants
  Louise (D:14)
  The ghost of siprus the Corrupter of Planes, a journeyman DsAK of Lugonu (Elf:1)
  A cacodemon (WizLab)
  4 deep elf elementalists
  5 ironheart preservers
  9 very ugly things (WizLab)
  12 stone giants
  2 entropy weavers
  5 deep elf demonologists
  Azrael (Elf:2)
  5 deep elf annihilators (Elf:3)
  The ghost of Mellonil the Fighter, a journeyman MiBe of Trog (IceCv)
  The ghost of sreda the Fighter, a journeyman DgWz (Lair:1)
  A merfolk javelineer (Shoals:4)
  An ettin (Orc:1)
  Snorg (D:13)
  12 merfolk impalers
  A minotaur (Lab)
  Josephine (D:13)
  7 ogre magi
  A fire dragon (Vaults:3)
  10 deep elf death magi
  A crystal guardian (Vaults:2)
  3 great orbs of eyes (WizLab)
  A yaktaur captain (Vaults:1)
  3 hydras
  2 deep elf high priests (Elf:3)
  4 catoblepae
  A hydra (shapeshifter) (Elf:2)
  25 naga warriors
  Harold (Lair:2)
  2 ice dragons (Vaults:1)
  16 anacondas
  3 merfolk avatars
  2 vault guards (D:13)
  5 centaur warriors
  14 death yaks (Lair:6)
  An alligator snapping turtle (Shoals:3)
  An alligator (shapeshifter) (Vaults:2)
  2 deep troll shamans (Vaults:1)
  3 merfolk aquamancers
  3 satyrs
  31 naga sharpshooters
  2 tengu warriors (D:15)
  22 dancing weapons
  An orc high priest (Orc:2)
  A deep troll earth mage (D:11)
  Urug (Lair:2)
  14 shock serpents
  18 deep elf knights
  2 shadow wraiths
  A large abomination (Elf:1)
  8 salamander mystics
  3 skeletal warriors (D:15)
  2 wretched stars (WizLab)
  An orange crystal statue (WizLab)
  13 sea snakes
  9 glowing orange brains
  An unseen horror (D:15)
  7 deep elf archers
  7 hill giants
  8 deep trolls
  6 ironbrand convokers
  7 naga ritualists
  4 lindwurms (Snake:4)
  17 mana vipers
  8 wizards
  3 necromancers
  33 harpies
  10 orc knights
  68 deep elf magi
  3 wolf spiders (Vaults:2)
  2 orc sorcerers (Orc:1)
  13 salamanders
  16 cyclopes
  5 slime creatures
  24 ugly things
  16 fauns
  6 elephants
  The ghost of raetorn the Twirler, a novice GrGl of Qazlal (D:6)
  22 manticores
  An ice statue (IceCv)
  5 starcursed masses (WizLab)
  14 sirens
  A black mamba (shapeshifter) (D:15)
  A guardian serpent (shapeshifter) (Vaults:3)
  11 guardian serpents
  Maurice (D:13)
  6 vault sentinels
  3 water nymphs
  46 black mambas
  15 spiny frogs
  21 naga magi
  Joseph (D:8)
  4 centaur skeletons
  A spiny frog (shapeshifter) (Elf:3)
  A storm dragon simulacrum (Vaults:2)
  6 eyes of devastation (WizLab)
  2 rime drakes (Lair:6)
  A kobold demonologist (D:11)
  11 freezing wraiths
  9 yaktaurs
  12 komodo dragons
  A small abomination (Elf:1)
  A wind drake (Shoals:4)
  The ghost of Peloso the Shield-Bearer, an amateur MiFi (D:4)
  A jumping spider (Vaults:1)
  6 trolls
  2 polar bears (Lair:3)
  16 two-headed ogres
  40 merfolk
  Prince Ribbit (D:5)
  A queen bee (Lair:1)
  A harpy skeleton (D:15)
  10 dream sheep
  5 blink frogs (Lair:4)
  14 hippogriffs
  14 snapping turtles
  A frost giant simulacrum (Vaults:3)
  3 redbacks (Vaults:1)
  13 water elementals
  Sigmund (D:5)
  A spriggan (D:8)
  3 air elementals
  A vampire (D:11)
  47 yaks
  11 fire elementals
  6 golden eyes (WizLab)
  4 wyverns
  6 wraiths
  4 basilisks
  A neqoxec (WizLab)
  19 humans (D:13)
  A golden eye (shapeshifter) (D:15)
  3 fire bats (Lair:2)
  A steam dragon (D:13)
  2 hungry ghosts
  A death yak simulacrum (IceCv)
  7 vampire mosquitoes (D:13)
  5 wargs
  4 mottled dragons
  Edmund (D:5)
  Menkaure (D:5)
  60 nagas
  3 soldier ants
  3 hell hounds (Elf:2)
  8 porcupines
  14 water moccasins
  A sky beast (D:7)
  36 orc warriors
  12 ice beasts
  A black bear (D:12)
  2 necrophages
  53 ogres
  2 eyes of draining
  A centaur (shapeshifter) (Vaults:1)
  5 boggarts (Vaults:1)
  9 centaurs
  3 phantoms
  21 crocodiles
  A gnoll sergeant (D:9)
  2 big kobolds
  A wyvern zombie (D:11)
  16 bullfrogs
  An earth elemental (Elf:1)
  A water moccasin skeleton (D:12)
  A wyvern skeleton (D:9)
  12 scorpions
  44 killer bees
  7 wights
  8 howler monkeys
  6 jellies
  4 bullfrog zombies
  7 crimson imps
  A quasit (D:10)
  6 centaur zombies
  2 draconian simulacra (IceCv)
  7 hounds
  Crazy Yiuf (D:4)
  25 orc priests
  3 bullfrog skeletons
  2 human zombies (Ossuary)
  31 orc wizards
  5 iguanas
  A polar bear simulacrum (IceCv)
  9 worker ants
  A spriggan simulacrum (IceCv)
  11 troll simulacra (IceCv)
  2 wolf simulacra (IceCv)
  A big kobold zombie (Ossuary)
  2 centaur simulacra (IceCv)
  A hound zombie (D:5)
  4 mummies
  A worker ant zombie (D:9)
  11 gnolls
  2 ogre simulacra (IceCv)
  4 scorpion zombies (Ossuary)
  14 adders
  2 naga simulacra (IceCv)
  2 shadow imps
  24 white imps
  An ufetubus (Abyss:2)
  An ooze (D:7)
  An adder skeleton (D:6)
  A worm (D:4)
  A worm (shapeshifter) (Elf:3)
  2 leopard geckos
  118 orcs
  6 bats
  5 giant cockroaches
  12 hobgoblins
  22 kobolds
  4 quokkas
  3 ball pythons
  4 frilled lizards
  2 gnoll zombies (Ossuary)
  4 goblins (D:1)
  3 goblin zombies
  3 hobgoblin zombies
  A jackal skeleton (D:4)
  A leopard gecko skeleton (D:8)
  2 orc zombies (Ossuary)
  9 rats
  2 crawling corpses (Elf:3)
  A demonic plant (WizLab)
  6 fungi
  6 plants
  A starspawn tentacle (WizLab)
  A tentacle (Shoals:3)
1804 creatures vanquished.

Vanquished Creatures (others)
  A deep elf master archer (Elf:3)
  2 stone giants
  2 merfolk javelineers (Shoals:4)
  A merfolk aquamancer (Shoals:4)
  2 deep elf knights
  2 deep elf archers
  A harpy (Shoals:4)
  A deep elf mage (Elf:1)
  2 fauns (Shoals:3)
  3 yaktaurs
  A merfolk (Shoals:2)
  A water elemental (Shoals:4)
  An orc warrior (Vaults:3)
  A centaur (Shoals:4)
  An orc (D:3)
  A butterfly (Lair:2)
  5 fungi
  68 plants
  11 starspawn tentacles (WizLab)
  8 tentacles (Shoals:3)
115 creatures vanquished.

Grand Total: 1919 creatures vanquished

Notes
Turn   | Place    | Note
-------+----------+-------------------------------------------
     0 | D:1      | Peloso the Minotaur Fighter began the quest for the Orb.
     0 | D:1      | Reached XP level 1. HP: 19/19 MP: 0/0
   125 | D:1      | Reached XP level 2. HP: 23/27 MP: 1/1
   392 | D:1      | Reached skill level 4 in Shields
   714 | D:2      | Reached XP level 3. HP: 33/33 MP: 2/2
  1410 | D:3      | Reached XP level 4. HP: 39/40 MP: 3/3
  1485 | D:3      | Reached skill level 1 in Dodging
  1754 | D:3      | Found an iron altar of Okawaru.
  1936 | D:3      | Became a worshipper of Warmaster Okawaru
  2243 | D:4      | Noticed Peloso's ghost (amateur MiFi)
  2250 | D:4      | Killed Peloso's ghost
  2250 | D:4      | Reached * piety under Okawaru
  2250 | D:4      | Reached skill level 5 in Armour
  2250 | D:4      | Reached skill level 5 in Shields
  2250 | D:4      | Reached XP level 5. HP: 40/47 MP: 4/4
  2250 | D:4      | Reached XP level 6. HP: 45/53 MP: 5/5
  2308 | D:4      | Found a runed door.
  2503 | D:4      | Found a sand-covered staircase.
  2511 | Ossuary  | Entered an ossuary
  2530 | Ossuary  | Reached ** piety under Okawaru
  2545 | Ossuary  | Reached skill level 5 in Fighting
  2569 | Ossuary  | Reached skill level 5 in Long Blades
  2591 | Ossuary  | Reached XP level 7. HP: 55/61 MP: 6/6
  2597 | Ossuary  | Reached skill level 6 in Shields
  3063 | Ossuary  | Reached *** piety under Okawaru
  3063 | Ossuary  | Reached XP level 8. HP: 42/69 MP: 7/7
  3166 | D:4      | Reached skill level 7 in Shields
  3517 | D:4      | Found Sushrism's Armour Emporium.
  3775 | D:4      | Noticed Crazy Yiuf
  3782 | D:4      | Killed Crazy Yiuf
  3815 | D:5      | Entered Level 5 of the Dungeon
  3841 | D:5      | Noticed Edmund
  3855 | D:5      | Killed Edmund
  3898 | D:5      | Noticed Menkaure
  3908 | D:5      | Killed Menkaure
  4166 | D:5      | Noticed Sigmund
  4196 | D:5      | Killed Sigmund
  4196 | D:5      | Reached **** piety under Okawaru
  4249 | D:5      | Noticed Prince Ribbit
  4262 | D:5      | Killed Prince Ribbit
  4262 | D:5      | Reached skill level 8 in Shields
  4262 | D:5      | Reached XP level 9. HP: 72/75 MP: 8/8
  4431 | D:5      | Found a staircase to the Ecumenical Temple.
  4643 | D:6      | Noticed raetorn's ghost (novice GrGl)
  4661 | D:6      | Killed raetorn's ghost
  4661 | D:6      | Reached skill level 9 in Shields
  5278 | D:7      | Found Xixos's Assorted Antiques.
  5283 | D:7      | Bought a runed long sword for 275 gold pieces
  5284 | D:7      | Bought a scroll of remove curse for 87 gold pieces
  5358 | D:7      | Found an ancient bone altar of Kikubaaqudgha.
  5367 | D:7      | Found a stormy altar of Qazlal.
  5367 | D:7      | Found a shimmering altar of Xom.
  5383 | D:7      | Found a deep blue altar of Sif Muna.
  5453 | D:7      | Reached skill level 10 in Long Blades
  5510 | D:7      | Reached ***** piety under Okawaru
  5525 | D:7      | Reached skill level 10 in Shields
  6113 | D:7      | Reached XP level 10. HP: 84/84 MP: 9/9
  6499 | D:8      | Noticed Joseph
  6508 | D:8      | Killed Joseph
  6508 | D:8      | Received a gift from Okawaru
  6668 | D:8      | Reached skill level 11 in Shields
  6694 | D:8      | Found a bloodstained altar of Trog.
  6694 | D:8      | Found a basalt altar of Yredelemnul.
  6784 | D:9      | Got a distressingly furry scale mail
  6839 | D:9      | Identified the +6 scale mail of Broken Taboos {Str+3} (You found it on level 9 of the Dungeon)
  7195 | D:9      | Found a stormy altar of Qazlal.
  7400 | D:9      | Found a white marble altar of Elyvilon.
  7699 | D:10     | Entered Level 10 of the Dungeon
  7757 | D:9      | Reached skill level 12 in Shields
  7935 | D:10     | Noticed a brown ugly thing
  7945 | D:10     | Killed a brown ugly thing
  7968 | D:10     | Reached XP level 11. HP: 79/92 MP: 10/10
  8006 | D:10     | Found a white marble altar of Elyvilon.
  8171 | D:10     | Got a pitted chain mail
  8182 | D:10     | Identified the +5 chain mail of the Beekeeper {Int+6} (You found it on level 10 of the Dungeon)
  8643 | D:10     | Found a staircase to the Lair.
  8818 | D:11     | Reached ****** piety under Okawaru
  8841 | D:11     | Received a gift from Okawaru
  8841 | D:11     | Reached skill level 13 in Shields
  9091 | D:11     | Found a staircase to the Orcish Mines.
  9110 | D:11     | Found a radiant altar of Vehumet.
  9649 | D:11     | Noticed a hill giant
  9650 | D:11     | Noticed a deep troll earth mage
  9662 | D:11     | Killed a hill giant
  9671 | D:11     | Killed a deep troll earth mage
  9816 | D:11     | Got a pitted lead amulet
  9818 | D:11     | Identified the amulet "Ozxiomn" {Gourm SInv} (You found it on level 11 of the Dungeon)
  9897 | Lair:1   | Entered Level 1 of the Lair of Beasts
  9906 | Lair:1   | Noticed sreda's ghost (journeyman DgWz)
  9917 | Lair:1   | Killed sreda's ghost
  9917 | Lair:1   | Reached XP level 12. HP: 101/103 MP: 8/11
  9973 | Lair:1   | Reached skill level 1 in Stealth
 10015 | Lair:1   | Found a frozen archway.
 10049 | IceCv    | Entered an ice cave
 10209 | IceCv    | Noticed Mellonil's ghost (journeyman MiBe)
 10221 | IceCv    | Received a gift from Okawaru
 10235 | IceCv    | Reached skill level 14 in Shields
 10248 | IceCv    | Killed Mellonil's ghost
 10248 | IceCv    | Reached skill level 5 in Dodging
 10602 | IceCv    | Found an ancient bone altar of Kikubaaqudgha.
 11129 | IceCv    | Identified a scroll of acquirement
 12396 | D:12     | Received a gift from Okawaru
 12684 | D:12     | Reached skill level 10 in Fighting
 13178 | D:12     | Reached skill level 15 in Long Blades
 13470 | D:12     | Reached XP level 13. HP: 113/113 MP: 12/12
 13897 | D:12     | Reached skill level 10 in Armour
 14448 | D:13     | Found a labyrinth entrance.
 14483 | Lab      | Entered a labyrinth
 16749 | Lab      | Noticed a minotaur
 16754 | Lab      | Killed a minotaur
 17132 | Lair:1   | You fall through a shaft!
 17318 | Lair:2   | Noticed Harold
 17335 | Lair:2   | Killed Harold
 17435 | Lair:2   | Reached skill level 1 in Evocations
 17444 | Lair:2   | Received a gift from Okawaru
 17461 | Lair:2   | Noticed Urug
 17478 | Lair:2   | Killed Urug
 17478 | Lair:2   | Reached skill level 15 in Shields
 18264 | Lair:3   | Found a staircase to the Snake Pit.
 18484 | Lair:3   | Got a translucent war axe
 18485 | Lair:3   | Identified the +4 war axe "Wuyss" {drain, +Inv MP-9 Str+2 Dex+7} (You found it on level 3 of the Lair of Beasts)
 19291 | Lair:4   | Found a staircase to the Shoals.
 20245 | Lair:5   | Reached skill level 1 in Invocations
 20255 | Lair:5   | Received a gift from Okawaru
 20822 | Lair:6   | Entered Level 6 of the Lair of Beasts
 20839 | Lair:6   | Reached XP level 14. HP: 124/124 MP: 13/13
 21333 | Lair:6   | Found a viscous altar of Jiyva.
 21334 | Lair:6   | Found a staircase to the Slime Pits.
 21584 | Lair:6   | Reached skill level 16 in Shields
 22399 | Lair:6   | Got a dazzling bardiche
 22848 | Lair:1   | Identified the +10 bardiche of the Endless March {freeze, Dex+3} (You found it on level 6 of the Lair of Beasts)
 23091 | D:13     | Noticed Snorg
 23104 | D:13     | Killed Snorg
 23104 | D:13     | Received a gift from Okawaru
 23107 | D:13     | Got a translucent crystal plate armour {god gift}
 23118 | D:13     | Identified the +3 crystal plate armour "Xyacvipu" {Str+3} (Okawaru gifted it to you on level 13 of the Dungeon)
 23263 | D:13     | Found Qura's Weapon Shoppe.
 23321 | D:13     | Noticed Josephine
 23329 | D:13     | Killed Josephine
 23428 | D:13     | Noticed Maurice
 23443 | D:13     | Killed Maurice
 23560 | D:13     | Noticed Rupert
 23587 | D:13     | Killed Rupert
 23737 | D:13     | Reached skill level 17 in Shields
 23737 | D:13     | Reached XP level 15. HP: 123/134 MP: 15/15
 23752 | D:13     | Found a gate to the Vaults.
 24280 | D:14     | Found a sacrificial altar of Ru.
 24450 | D:14     | Noticed Louise
 24471 | D:14     | Killed Louise
 24947 | D:15     | Entered Level 15 of the Dungeon
 24968 | D:15     | Received a gift from Okawaru
 24999 | D:15     | Found a staircase to the Depths.
 25150 | D:15     | Found a shadowy altar of Dithmenos.
 25850 | Orc:1    | Entered Level 1 of the Orcish Mines
 26481 | Orc:1    | Found Giroetuj's Antique Armour Boutique.
 26618 | Orc:1    | Found a roughly hewn altar of Beogh.
 26742 | Orc:2    | Entered Level 2 of the Orcish Mines
 26742 | Orc:2    | Found a staircase to the Elven Halls.
 26887 | Orc:2    | Found Jafetoet's Gadget Emporium.
 26968 | Orc:2    | Reached skill level 18 in Shields
 27147 | Orc:2    | Found Jumn's Distillery.
 27531 | Orc:2    | Found Ihat's Armour Shop.
 27554 | Orc:2    | Received a gift from Okawaru
 27706 | Orc:2    | Found Xoloka's Antique Weapon Boutique.
 27706 | Orc:2    | Found Norch's Assorted Antiques.
 27706 | Orc:2    | Found Zoud's Assorted Antiques.
 27706 | Orc:2    | Found Rileret's Armour Boutique.
 27743 | Orc:2    | Bought an encrusted long sword for 221 gold pieces
 27743 | Orc:2    | Identified the cursed +3 long sword "Vaetwauli" {protect, MP+9} (You bought it in a shop on level 2 of the Orcish Mines)
 27778 | Orc:2    | Found Jeplouzo's Magic Scroll Shop.
 27785 | Orc:2    | Bought a scroll of enchant armour for 75 gold pieces
 27785 | Orc:2    | Bought a scroll of teleportation for 30 gold pieces
 27785 | Orc:2    | Bought a scroll of blinking for 75 gold pieces
 27785 | Orc:2    | Bought a scroll of teleportation for 30 gold pieces
 28300 | Snake:1  | Entered Level 1 of the Snake Pit
 28601 | Snake:1  | Reached XP level 16. HP: 137/147 MP: 16/16
 29185 | Snake:2  | Received a gift from Okawaru
 29699 | Snake:2  | Reached skill level 19 in Shields
 30045 | Snake:2  | Received a gift from Okawaru
 30048 | Snake:2  | Got an iridescent scimitar {god gift}
 30049 | Snake:2  | Identified the +9 scimitar of the First Gods {venom, rF+ SInv Stlth+} (Okawaru gifted it to you on level 2 of the Snake Pit)
 30558 | Snake:2  | Reached skill level 15 in Fighting
 30694 | Snake:2  | You fall through a shaft!
 30794 | Snake:3  | Noticed Dwachs's ghost (adept DECj)
 30820 | Snake:3  | Killed Dwachs's ghost
 31135 | Snake:3  | Received a gift from Okawaru
 31328 | Snake:3  | Found a shattered altar of Ashenzari.
 32355 | Snake:3  | Received a gift from Okawaru
 32691 | Snake:3  | Got an encrusted cloak {god gift}
 32702 | Snake:3  | Identified the +2 cloak of the Other Side {Int+4} (Okawaru gifted it to you on level 3 of the Snake Pit)
 33285 | Snake:4  | Entered Level 4 of the Snake Pit
 33294 | Snake:4  | Reached XP level 17. HP: 156/156 MP: 17/17
 33305 | Snake:4  | Reached skill level 20 in Shields
 34398 | Snake:3  | Got a pair of slimy boots
 34409 | Snake:3  | Identified the +1 pair of boots "Etubbuwn" {rPois rCorr Stlth+} (You acquired it on level 3 of the Snake Pit)
 35618 | Snake:4  | Received a gift from Okawaru
 35621 | Snake:4  | Got a jewelled cloak {god gift}
 35632 | Snake:4  | Identified the +1 cloak of Dim Light {rPois rF- MP+9 Slay+4} (Okawaru gifted it to you on level 4 of the Snake Pit)
 36615 | Snake:4  | Reached skill level 15 in Armour
 36712 | Snake:4  | Reached skill level 21 in Shields
 37024 | Snake:4  | Received a gift from Okawaru
 38271 | Snake:4  | Reached XP level 18. HP: 112/168 MP: 18/18
 38920 | Snake:4  | Received a gift from Okawaru
 39602 | Snake:4  | Got a serpentine rune of Zot
 39615 | Snake:4  | Got a warped dagger
 39849 | Lair:1   | Identified the +9 dagger of Elair {pierce, MR+ Dex+3} (You found it on level 4 of the Snake Pit)
 39984 | Shoals:1 | Entered Level 1 of the Shoals
 40555 | Shoals:2 | Received a gift from Okawaru
 40561 | Shoals:2 | Got a transparent scimitar {god gift}
 40568 | Shoals:2 | Identified the +8 scimitar of the Fool {speed, +Fly MR- Dex+9} (Okawaru gifted it to you on level 2 of the Shoals)
 40606 | Shoals:2 | Noticed Jorgrun
 40615 | Shoals:2 | Killed Jorgrun
 41002 | Shoals:2 | Reached skill level 22 in Shields
 41066 | Shoals:2 | Received a gift from Okawaru
 41777 | Shoals:2 | Got a dazzling triple crossbow
 42874 | Shoals:3 | Received a gift from Okawaru
 42925 | Shoals:3 | Reached XP level 19. HP: 141/177 MP: 19/19
 43756 | Shoals:4 | Entered Level 4 of the Shoals
 44818 | Shoals:4 | Received a gift from Okawaru
 45088 | Shoals:4 | Noticed Nikola
 45103 | Shoals:4 | Killed Nikola
 45103 | Shoals:4 | Reached skill level 23 in Shields
 45788 | Shoals:4 | Noticed Ilsuiw
 45981 | Shoals:4 | Got a scorched halberd
 46066 | Shoals:4 | Killed Ilsuiw
 46372 | Shoals:4 | Received a gift from Okawaru
 46660 | Shoals:4 | Got a barnacled rune of Zot
 47333 | Lair:1   | Identified the +7 halberd "Mamidus" {antimagic, MR+} (You found it on level 4 of the Shoals)
 47500 | Elf:1    | Entered Level 1 of the Elven Halls
 47810 | Elf:1    | Noticed siprus's ghost (journeyman DsAK)
 47823 | Elf:1    | Killed siprus's ghost
 47960 | Elf:1    | Found Fiaral's Antique Weapon Shoppe.
 47963 | Elf:1    | Found Natav's General Store.
 47963 | Elf:1    | Found Estis's General Store.
 47963 | Elf:1    | Noticed Agnes
 47989 | Elf:1    | Found Guijinit's Armour Emporium.
 48711 | Elf:1    | Killed Agnes
 49138 | Elf:1    | Reached XP level 20. HP: 127/189 MP: 20/20
 49487 | Elf:1    | Received a gift from Okawaru
 49490 | Elf:1    | Got an encrusted demon blade {god gift}
 49491 | Elf:1    | Identified the +8 demon blade of Mourning {slice, MR+} (Okawaru gifted it to you on level 1 of the Elven Halls)
 49863 | Elf:2    | Found a portal to a secret trove of treasure.
 50126 | Elf:2    | Found a runed gate.
 50126 | Elf:2    | Found a runed gate.
 50126 | Elf:2    | Found a runed gate.
 50443 | Elf:2    | You paid a toll of 7 scrolls of blinking to enter a treasure trove
 50444 | Trove    | Entered a treasure trove
 50459 | Trove    | Got a translucent sapphire amulet
 50461 | Trove    | Got a slimy glass ring
 50463 | Trove    | Got a coiled tin ring
 50469 | Trove    | Got an ancient glass ring
 50481 | Trove    | Identified the amulet of Oniub {RegenMP rElec rF+ Str-2 Slay+3} (You found it in a treasure trove)
 50482 | Trove    | Identified the ring "Cacrimp" {rCorr Dex+6} (You found it in a treasure trove)
 50484 | Trove    | Identified the ring "Liquv" {rElec rPois MR+ Int+9 Dex-4} (You found it in a treasure trove)
 50486 | Trove    | Identified the ring of Suspicion {Fire Str+2 Dex+4} (You found it in a treasure trove)
 50497 | Trove    | Got a sparkling diamond amulet
 50498 | Trove    | Identified the amulet "Cat Zicyb" {Harm *Drain rC++ Int+3} (You found it in a treasure trove)
 50516 | Trove    | Got a clouded bronze ring
 50517 | Trove    | Identified the ring of Josheq {-Tele +Inv rC- MR+ Int+9} (You found it in a treasure trove)
 50640 | Elf:2    | Received a gift from Okawaru
 50763 | Elf:2    | Noticed Azrael
 50779 | Elf:2    | Killed Azrael
 51124 | Elf:2    | Reached skill level 24 in Shields
 52385 | Elf:3    | Entered Level 3 of the Elven Halls
 52420 | Elf:3    | Found Niuwon's Weapon Shop.
 52729 | Elf:3    | Noticed DwarfAlpaca's ghost (adept SpAr)
 52738 | Elf:3    | Killed DwarfAlpaca's ghost
 53429 | Elf:3    | Received a gift from Okawaru
 54099 | Elf:3    | Cast into level 2 of the Abyss (deep elf sorcerer)
 54118 | Elf:3    | Escaped the Abyss
 54956 | Elf:3    | Received a gift from Okawaru
 55074 | Elf:3    | Identified the Incunabulum of Lightness and Transformation
 56152 | Vaults:1 | Entered Level 1 of the Vaults
 56593 | Vaults:1 | Reached XP level 21. HP: 162/198 MP: 21/21
 56671 | Vaults:1 | Found Omauppen's Book Emporium.
 57042 | Vaults:1 | Received a gift from Okawaru
 57074 | Vaults:1 | Got a shimmering cloak {god gift}
 57088 | Vaults:1 | Identified the +1 cloak "Neanov" {rElec rPois Int+3 Dex+4} (Okawaru gifted it to you on level 1 of the Vaults)
 57571 | Vaults:1 | Reached skill level 25 in Shields
 57656 | Vaults:2 | Found a magical portal.
 57672 | WizLab   | Entered Lehudib's Moon Base
 58248 | WizLab   | Gained mutation: You tend to lose your temper in combat. [a neqoxec]
 58250 | WizLab   | Gained mutation: Scrolls take you a little longer to read. [a neqoxec]
 58253 | WizLab   | Received a gift from Okawaru
 58586 | WizLab   | Lost intelligence.
 58898 | WizLab   | Got a crystal rapier
 58981 | WizLab   | Identified the +2 rapier of Lyepp {protect, +Fly SInv} (You found it in a wizard's laboratory)
 59538 | WizLab   | Identified Lehudib's Grimoire of Stones and Changing
 60644 | Vaults:2 | Received a gift from Okawaru
 60657 | Vaults:2 | Got a faintly glowing shield {god gift}
 60668 | Vaults:2 | Identified the +0 shield "Umod" {MR+ MP+9} (Okawaru gifted it to you on level 2 of the Vaults)
 61215 | Vaults:2 | Found a staircase to the Crypt.
 61215 | Vaults:2 | Found an ancient bone altar of Kikubaaqudgha.
 61216 | Vaults:2 | Found a basalt altar of Yredelemnul.
 61253 | Vaults:2 | Reached XP level 22. HP: 209/209 MP: 22/22
 61836 | Vaults:3 | Slain by a vault warden

Skill      XL: |  1  2  3  4  5  6  7  8  9 10 11 12 13 14 15 16 17 18 19 20 21 |
---------------+----------------------------------------------------------------+-----
Armour         | 4 5 6 7 8 9 11 12 13 15 16 17 18 19 | 19.9
Shields        | 4 5 6 8 10 12 13 14 15 17 18 19 21 22 23 24 25 | 25.9
Fighting       | 4 5 6 7 8 10 11 12 14 15 16 17 18 19 20 | 20.4
Long Blades    | 3 4 5 6 8 10 11 13 15 16 17 18 19 20 21 22 | 22.1
Dodging        | 1 2 3 4 6 7 9 |  9.0
Stealth        | 1 2 3 |  3.0
Evocations     | 1 |  1.5
Invocations    | 1 2 |  2.4

Action                   |  1- 3 |  4- 6 |  7- 9 | 10-12 | 13-15 | 16-18 | 19-21 | 22-24 || total
-------------------------+-------+-------+-------+-------+-------+-------+-------+-------++-------
Melee: Long sword        |   100 |    95 |   420 |   693 |    11 |       |       |       ||  1319
       Headbutt          |    14 |    21 |    88 |   248 |   472 |   465 |   538 |    51 ||  1897
       Double sword      |       |       |       |   139 |  1479 |   371 |   566 |       ||  2555
       Scimitar          |       |       |       |       |       |  1181 |   102 |       ||  1283
       Demon blade       |       |       |       |       |       |       |  1006 |   112 ||  1118
Invok: Heroism           |       |       |     4 |     5 |    10 |     6 |     6 |       ||    31
Evoke: Wand              |       |       |       |     6 |    12 |       |     3 |       ||    21
  Use: Scroll            |       |    12 |     6 |    10 |    12 |     9 |    25 |       ||    74
       Potion            |       |     1 |       |     1 |       |     4 |     4 |     6 ||    16
 Stab: Distracted        |       |       |       |       |       |       |     2 |       ||     2
  Eat: Chunk             |     2 |     3 |    11 |    26 |    37 |    34 |    48 |     2 ||   163
       Fruit             |       |       |     2 |     1 |     3 |    17 |    15 |       ||    38
       Pizza             |       |       |       |     1 |       |       |       |       ||     1
       Beef jerky        |       |       |       |       |     3 |       |     1 |       ||     4
Armor: Scale mail        |    54 |    20 |    21 |   258 |   252 |       |       |       ||   605
       Plate armour      |       |       |    67 |    18 |       |       |       |       ||    85
       Crystal plate arm |       |       |       |       |   357 |   712 |   753 |    76 ||  1898
Dodge: Dodged            |    35 |    15 |    47 |   312 |   486 |   434 |   535 |    55 ||  1919
Block: Shield            |    71 |    71 |   327 |   663 |  1093 |  1339 |  1437 |   135 ||  5136
       Reflection        |       |     2 |     4 |    19 |       |   146 |   154 |    12 ||   337
       Rpst.: Long sword |     9 |     1 |    10 |    50 |       |       |       |       ||    70
       Double sword      |       |       |       |    33 |   111 |    17 |    33 |       ||   194
       Scimitar          |       |       |       |       |       |    55 |     4 |       ||    59
       Demon blade       |       |       |       |       |       |       |    51 |    10 ||    61
